 Dungeon Crawl Stone Soup version 0.30-a0-371-gad7725a93e (webtiles) character file.

Game seed: 10160776478343138590

1866 jfcaron the Trooper (level 9, -1/65 (92) HPs)
             Began as an Ogre Reaver on Nov 20, 2022.
             Was a Follower of Okawaru.
             Killed from afar by a white imp (11 damage)
             ... with a puff of frost
             ... on level 6 of the Dungeon.
             The game lasted 00:29:23 (7085 turns).

jfcaron the Trooper (Ogre Reaver)                   Turns: 7085, Time: 00:29:23

HP:   -1/65 (92)    AC:  6    Str: 18    XL:     9   Next: 13%
MP:   0/17          EV: 14    Int: 18    God:    Okawaru [*.....]
Gold: 33            SH:  0    Dex:  7    Spells: 9/18 levels left

rFire   . . .      SeeInvis .      - Unarmed
rCold   . . .      Faith    .    (no shield)
rNeg    . . .      Spirit   .    a - +0 robe
rPois   .          Reflect  .    (helmet restricted)
rElec   .          Harm     .    r - +2 cloak
rCorr   .          Rampage  .    (gloves unavailable)
Will    .....                    (boots unavailable)
Stlth   +.........               w - amulet of the acrobat
HPRegen 0.30/turn                j - +4 ring of evasion
MPRegen 0.15/turn                C - ring of wizardry

@: mighty, very heavily drained
A: large, unfitting armour, tough skin 1
a: Renounce Religion, Heroism


You were on level 6 of the Dungeon.
You worshipped Okawaru.
Okawaru was aware of your devotion.
You visited 2 branches of the dungeon, and saw 7 of its levels.
You also visited: Sewer.

You collected 334 gold pieces.
You spent 301 gold pieces at shops.

Inventory:

Hand Weapons
 p - a +2 spectral dagger
Missiles
 h - 15 stones
 k - 3 boomerangs
Armour
 a - a +0 robe (worn)
 r - a +2 cloak (worn)
Jewellery
 j - a +4 ring of evasion (left hand)
 q - an amulet of guardian spirit
 w - an amulet of the acrobat (around neck)
 y - a +6 ring of strength
 C - a ring of wizardry (right hand)
 D - a ring of ice
Scrolls
 b - 2 scrolls of teleportation
 c - 2 scrolls of enchant weapon
 g - 2 scrolls of poison
 A - a scroll of magic mapping
 B - a scroll of acquirement {unknown}
Potions
 d - 3 potions of curing
 e - 2 potions of heal wounds
 f - 2 potions of mutation
 i - 2 potions of lignification
 l - 2 potions of resistance {unknown}
 m - 2 potions of magic {unknown}
 n - 2 potions of flight {unknown}
 s - a potion of haste {unknown}
 u - a potion of might
 v - a potion of brilliance
 x - a potion of ambrosia {unknown}
 z - a potion of berserk rage {unknown}


   Skills:
 + Level 6.5 Fighting
 + Level 4.3 Dodging
 + Level 4.8 Unarmed Combat
 - Level 5.3 Spellcasting
 - Level 5.0 Conjurations
 - Level 1.0 Necromancy
 - Level 1.0 Translocations
 + Level 3.1 Ice Magic
 + Level 3.0 Earth Magic
 + Level 0.4 Invocations


You had 9 spell levels left.
You knew the following spells:

 Your Spells              Type           Power      Damage    Failure   Level
a - Kiss of Death         Conj/Necr      60%        2d10      1%          1
b - Momentum Strike       Conj/Tloc      30%        3d8       2%          2
c - Hailstorm             Conj/Ice       19%        3d6       3%          3
d - Stone Arrow           Conj/Erth      38%        3d9       3%          3

Your spell library contained the following spells:

 Spells                   Type           Power      Damage    Failure   Level
 Gell's Gravitas          Tloc           8%         N/A       11%         3
 Lesser Beckoning         Tloc           16%        N/A       11%         3
 Teleport Other           Tloc           8%         N/A       11%         3
 Lehudib's Crystal Spear  Conj/Erth      9%         10d4      100%        8
 Animate Armour           Summ/Erth      Unusable   N/A       N/A         4

Dungeon Overview and Level Annotations

Branches:
Dungeon (6/15)             Temple (1/1) D:5           Sewer (visited)

Altars:
Cheibriados
Hepliaklqana
Nemelex Xobeh
Okawaru
Qazlal
Trog
Uskayaw
Wu Jian
Xom
Zin

Shops:
D:1 !   D:5 !

Annotations:
D:6 Duvessa


Innate Abilities, Weirdness & Mutations

You are too large for most types of armour.
You have tough skin. (AC +1)


Message History

* * * LOW HITPOINT WARNING * * *
The white imp gestures at you. The puff of frost hits you.
* * * LOW HITPOINT WARNING * * *
Duvessa hits you with a +0 short sword!
* * * LOW HITPOINT WARNING * * *
You feel much better. Duvessa barely misses you. The white imp gestures at you.
The puff of frost hits you.
* * * LOW HITPOINT WARNING * * *
Okay, then.
Unknown command.
Okay, then.
Unknown command.
Unknown command.
Unknown command.
Unknown command.
Casting: Momentum Strike (safe; 2% risk of failure)
Confirm with . or Enter, or press ? or * to list all spells.
Aiming: Kiss of Death (safe; 1% risk of failure)
Press: ? - help, Shift-Dir - straight line, f/p - Duvessa
Aim: Duvessa, wielding a +0 short sword and wearing a +0 chain mail (severely wounded, berserk, 100% to hit)
The negative energy hits Duvessa but does no damage.
Duvessa is drained!
Duvessa is severely wounded.
You feel drained. Duvessa misses you.
The white imp hits you but does no damage.
Duvessa hits you but does no damage.
Casting: Kiss of Death (safe; 1% risk of failure)
Confirm with . or Enter, or press ? or * to list all spells.
Aiming: Kiss of Death (safe; 1% risk of failure)
Press: ? - help, Shift-Dir - straight line, f/p - Duvessa
Aim: Duvessa, wielding a +0 short sword and wearing a +0 chain mail (severely wounded, berserk, lightly drained, 100% to hit)
The negative energy hits Duvessa!
Duvessa is drained!
Duvessa is almost dead.
You feel drained. Duvessa hits you with a +0 short sword.
* * * LOW HITPOINT WARNING * * *
The white imp gestures at you. The puff of frost hits you!
You die...

#. #......# #..# #..##
#......###..# ....#
#.......###ยง#
#..###........##..
#...####...#.##..
###.............. . #
#................
....#.###.########.......
........@.# ####.#..
.....$.5e## #.#..
....#.#[).. #...) ...
#........ ##..# .
#...!...... #...
#.......... ..##..
#.....(.... .......
#.......... ...##.# ..
...#


You could see Duvessa (berserk, very drained) and a white imp.

Vanquished Creatures
  Grinder (D:3)
  Sigmund (D:3)
  A steam dragon (D:6)
  A water moccasin (D:5)
  An ice beast (D:6)
  A black bear (D:5)
  An ogre (D:5)
  2 phantoms
  2 bullfrogs (Sewer)
  2 necrophages (D:6)
  3 scorpions
  Dowan (D:6)
  2 hounds (D:5)
  A jelly (D:4)
  A gnoll bouda (D:6)
  3 orc priests
  4 orc wizards
  4 gnolls (D:6)
  5 adders
  5 river rats
  A white imp (D:6)
  4 worms
  3 dart slugs
  13 orcs
  9 endoplasms
  5 giant cockroaches
  5 goblins
  6 hobgoblins
  6 quokkas
  16 ball pythons
  3 bats (D:1)
  5 frilled lizards
  3 kobolds
  22 rats
143 creatures vanquished.

Notes
Turn   | Place    | Note
-------+----------+-------------------------------------------
     0 | D:1      | jfcaron the Ogre Reaver began the quest for the Orb.
     0 | D:1      | Reached XP level 1. HP: 22/22 MP: 3/3
   252 | D:1      | Reached XP level 2. HP: 20/29 MP: 3/5
   289 | D:1      | Learned a level 2 spell: Momentum Strike
   380 | D:1      | Found Hunaf's Distillery.
   454 | D:1      | Reached skill level 3 in Fighting
   815 | D:1      | Bought a potion of curing for 36 gold pieces
   815 | D:1      | Bought a potion of lignification for 36 gold pieces
   855 | D:2      | Reached XP level 3. HP: 35/37 MP: 7/7
  1366 | D:2      | HP: 4/26 [poisoned by a kobold]
  1961 | D:3      | HP: 5/27 [poisoned by an adder]
  1996 | D:3      | Reached XP level 4. HP: 27/36 MP: 2/8
  2058 | D:3      | Reached skill level 1 in Necromancy
  2140 | D:3      | Found a faded altar of an unknown god.
  2236 | D:3      | Found a glowing drain.
  2240 | Sewer    | Entered a sewer
  2379 | Sewer    | Learned a level 3 spell: Hailstorm
  2383 | Sewer    | Learned a level 3 spell: Stone Arrow
  2518 | Sewer    | Reached skill level 1 in Translocations
  2924 | Sewer    | Noticed a bullfrog
  2925 | Sewer    | Noticed a bullfrog
  2934 | Sewer    | Killed a bullfrog
  2935 | Sewer    | Reached skill level 1 in Ice Magic
  2935 | Sewer    | Reached skill level 1 in Earth Magic
  2935 | Sewer    | Reached XP level 5. HP: 54/54 MP: 4/9
  2938 | Sewer    | Reached skill level 4 in Fighting
  2938 | Sewer    | Reached XP level 6. HP: 62/62 MP: 5/11
  3148 | D:3      | Noticed Sigmund
  3169 | D:3      | Killed Sigmund
  3379 | D:3      | Noticed Grinder
  3386 | D:3      | Paralysed by Grinder for 3 turns
  3399 | D:3      | Killed Grinder
  3400 | D:3      | Reached XP level 7. HP: 29/71 MP: 2/12
  3989 | D:1      | Bought a potion of degeneration for 12 gold pieces
  3989 | D:1      | Bought a potion of might for 48 gold pieces
  3989 | D:1      | Bought a potion of brilliance for 48 gold pieces
  4229 | D:4      | Found a bloodstained altar of Trog.
  5291 | D:5      | Entered Level 5 of the Dungeon
  5296 | D:5      | Reached skill level 5 in Fighting
  5395 | D:5      | Reached XP level 8. HP: 75/80 MP: 1/14
  5968 | D:5      | Found Jiacso Kaybe's Distillery.
  6045 | D:5      | Found an ornate altar of the Wu Jian Council.
  6049 | D:5      | Reached skill level 5 in Conjurations
  6167 | D:5      | Found a staircase to the Ecumenical Temple.
  6215 | Temple   | Entered the Ecumenical Temple
  6268 | Temple   | Became a worshipper of Warmaster Okawaru
  6449 | D:5      | Bought a potion of mutation for 88 gold pieces
  6449 | D:5      | Bought a potion of curing for 33 gold pieces
  6595 | D:6      | Reached skill level 5 in Spellcasting
  6641 | D:6      | Reached skill level 6 in Fighting
  6817 | D:6      | Reached XP level 9. HP: 53/89 MP: 2/16
  6964 | D:6      | Reached * piety under Okawaru
  7064 | D:6      | Noticed Dowan
  7066 | D:6      | Noticed Duvessa
  7071 | D:6      | Killed Dowan
  7080 | D:6      | HP: 10/92 [Duvessa/+0 short sword (9)]
  7082 | D:6      | HP: 2/92 [Duvessa/+0 short sword (8)]
  7085 | D:6      | Killed from afar by a white imp

Illustrated notes

Levels and vault maps discovered:
D:1:      eino_arrival_water_star, layout_basic, serial_shops,
          nicolae_shop_statue_plus
D:2:      layout_loops_cross, reono_crystal_passage
D:3:      layout_loops_corners, gup_sewer_entry_spiral,
          dreamdust_ecumenical_altar_grove, uniq_grinder, uniq_sigmund
D:4:      layout_gridville, overflow_temple_1_default
D:5:      layout_basic, mainiacjoe_overflow_boulevard, temple_doors_ab,
          nicolae_stop_n_shop_2
D:6:      layout_rooms, uniq_duvessa, uniq_crazy_yiuf_cottage
Temple:   hellmonk_temple_two_chambers

Skill      XL: |  1  2  3  4  5  6  7  8  9 |
---------------+----------------------------+-----
Fighting       | 3 4 5 6 |  6.5
Dodging        | 2 3 4 |  4.3
Conjurations   | 3 4 5 |  5.0
Unarmed Combat | 3 4 |  4.8
Necromancy     | 1 |  1.0
Spellcasting   | 3 4 5 |  5.3
Translocations | 1 |  1.0
Ice Magic      | 1 2 3 |  3.1
Earth Magic    | 1 2 3 |  3.0
Invocations    | |  0.4

Action                   |  1- 3 |  4- 6 |  7- 9 || total
-------------------------+-------+-------+-------++-------
Melee: Unarmed           |   220 |   180 |   105 ||   505
       Punch             |     1 |     2 |     3 ||     6
Throw: Stone             |       |     5 |     3 ||     8
       Dart              |       |     2 |     6 ||     8
       Boomerang         |       |       |     1 ||     1
 Cast: Momentum Strike   |    11 |    20 |     5 ||    36
       Kiss of Death     |     2 |     2 |     3 ||     7
       Hailstorm         |       |     2 |    16 ||    18
       Stone Arrow       |       |       |    45 ||    45
  Use: Scroll            |     5 |     5 |     5 ||    15
       Potion            |     4 |     1 |     4 ||     9
 Stab: Distracted        |       |     1 |       ||     1
Armor: Robe              |    70 |    45 |    36 ||   151
       Skin              |       |    26 |       ||    26
Dodge: Dodged            |    92 |   101 |    89 ||   282

Table legend: (Time is in decaauts)
 A = Elapsed time spent in this place.
 B = Non-inter-level travel time spent in this place.
 C = Inter-level travel time spent in this place.
 D = Time resting spent in this place.
 E = Time spent auto-exploring this place.
 F = Levels seen in this place.
 G = Mean time per level.
                   A        B        C        D        E       F      G
               +--------+--------+--------+--------+--------+-----+--------+
         Total |   7161 |   6605 |    556 |   1892 |   3158 |   8 |  895.1 |
       Dungeon |   6276 |   5723 |    553 |   1546 |   3047 |   6 | 1046.0 |
        Temple |     57 |     54 |      3 |      0 |     49 |   1 |   57.0 |
         Sewer |    827 |    827 |      0 |    346 |     61 |   1 |  827.0 |
               +--------+--------+--------+--------+--------+-----+--------+

Top non-repeatable levels by time:
     D:3: 1359 daAuts
     D:4: 1196 daAuts
     D:2: 1125 daAuts
     D:5: 1119 daAuts
     D:1: 883 daAuts
   Sewer: 827 daAuts
     D:6: 592 daAuts
  Temple: 57 daAuts
